[Event "17th Karpov Trophy 2019"]
[Site "Cap d'Agde"]
[Date "2019.10.25"]
[Round "1.2"]
[White "Bacrot, Etienne"]
[Black "Sarana, Alexey"]
[Result "1-0"]
[ECO "B51"]
[WhiteElo "2671"]
[BlackElo "2655"]
[Annotator "ChessBase"]
[PlyCount "49"]
[EventDate "2019.10.25"]
[EventType "tourn"]
[EventCountry "FRA"]
[SourceTitle "playchess.com"]
[Source "ChessBase"]
[SourceQuality "1"]
[TimeControl "1200+10"]

1. e4 c5 2. Nf3 d6 3. Bb5+ Nd7 4. O-O a6 5. Bd3 Ngf6 6. Re1 e6 7. c3 b5 8. Bc2 c4 9. a4 Bb7 10. d4 cxd3 11. Qxd3 Nc5 12. Qe2 bxa4 13. e5 dxe5 14. Nxe5 Be7 15. Rd1 Qb6 16. Rxa4 O-O 17. Rh4 Rad8 18. Rxd8 Rxd8 19. Nd2 h6 20. Ndc4 Qb5 21. Bxh6 gxh6 22. Qe3 Bf8 23. Ng4 Nce4 24. Nxh6+ Kg7 25. Nf5+ 1-0

[Event "17th Karpov Trophy 2019"]
[Site "Cap d'Agde"]
[Date "2019.10.25"]
[Round "1.3"]
[White "Hou, Yifan"]
[Black "Khademalsharieh, Sarasadat"]
[Result "1-0"]
[ECO "C54"]
[WhiteElo "2659"]
[BlackElo "2491"]
[Annotator "ChessBase"]
[PlyCount "129"]
[EventDate "2019.10.25"]
[EventType "tourn"]
[EventCountry "FRA"]
[SourceTitle "playchess.com"]
[Source "ChessBase"]
[SourceQuality "1"]
[TimeControl "1200+10"]

1. e4 e5 2. Nf3 Nc6 3. Bc4 Bc5 4. O-O Nf6 5. d3 a6 6. c3 d6 7. a4 Ba7 8. Re1 h6 9. Nbd2 O-O 10. Nf1 Ne7 11. h3 Ng6 12. Bb3 Nh5 13. d4 Nhf4 14. Ng3 Qf6 15. Be3 Be6 16. Bc2 Nh4 17. Nxh4 Qxh4 18. Qf3 g6 19. Nf1 Qf6 20. Nh2 g5 21. Rad1 Qg7 22. Kh1 c5 23. dxe5 dxe5 24. g3 Nxh3 25. Qh5 c4 26. Bxa7 Rxa7 27. Rd2 g4 28. Bd1 Qg6 29. Nxg4 Qxh5 30. Nf6+ Kh8 31. Bxh5 Raa8 32. Kg2 Rad8 33. Red1 Rxd2 34. Rxd2 Kg7 35. Ng4 Ng5 36. f3 Re8 37. a5 Re7 38. Ne3 Rc7 39. Rd6 Rc5 40. Bg4 Bxg4 41. fxg4 Nxe4 42. Nf5+ Kg8 43. Rd7 Ng5 44. Rxb7 Rxa5 45. Nxh6+ Kf8 46. Nf5 Rb5 47. Rxb5 axb5 48. Nd6 Ke7 49. Nxb5 Ke6 50. Kf2 Ne4+ 51. Kf3 Nc5 52. Na3 Kd5 53. Nc2 e4+ 54. Kf4 Nd3+ 55. Kf5 Nxb2 56. Ne3+ Kc5 57. Kxe4 Na4 58. Nd1 Nb6 59. Ne3 Na4 60. Nd1 Nb6 61. g5 Nd7 62. Ne3 Kb5 63. Kd5 Nb6+ 64. Kd4 Nc8 65. Nxc4 1-0

[Event "17th Karpov Trophy 2019"]
[Site "Cap d'Agde"]
[Date "2019.10.25"]
[Round "1.4"]
[White "Nihal Sarin"]
[Black "Sebag, Marie"]
[Result "1-0"]
[ECO "D02"]
[WhiteElo "2610"]
[BlackElo "2445"]
[Annotator "ChessBase"]
[PlyCount "109"]
[EventDate "2019.10.25"]
[EventType "tourn"]
[EventCountry "FRA"]
[SourceTitle "playchess.com"]
[Source "ChessBase"]
[SourceQuality "1"]
[TimeControl "1200+10"]

1. d4 d5 2. Bf4 Nf6 3. e3 e6 4. Nd2 Bd6 5. Bg3 O-O 6. Ngf3 c5 7. c3 Qc7 8. dxc5 Qxc5 9. Bd3 Nbd7 10. e4 Bxg3 11. hxg3 dxe4 12. Nxe4 Nxe4 13. Bxe4 Nf6 14. Qe2 Nxe4 15. Qxe4 Qf5 16. Qxf5 exf5 17. Nd4 Be6 18. f3 Rfd8 19. Kf2 Rac8 20. Rhe1 Rd6 21. Re5 Rb6 22. Rb5 Rxb5 23. Nxb5 a6 24. Nd4 g6 25. a4 Kf8 26. a5 Rc5 27. Ke3 Ke7 28. Kd2 Kd6 29. b4 Rc8 30. Rd1 Ke7 31. Re1 Kd6 32. Nxe6 fxe6 33. Kd3 e5 34. c4 Ke6 35. Kc3 h5 36. Rd1 g5 37. c5 f4 38. gxf4 gxf4 39. Rd6+ Kf5 40. Rh6 Rg8 41. Rxh5+ Ke6 42. Rh6+ Kd7 43. Rd6+ Kc7 44. Rd2 Kc6 45. Kc4 Rg5 46. Rd6+ Kc7 47. Kd5 Rxg2 48. Kxe5 Rh2 49. Rb6 Rh4 50. Kf5 Rh8 51. Kxf4 Rf8+ 52. Ke4 Re8+ 53. Kf5 Re1 54. f4 Rf1 55. Ke5 1-0

[Event "17th Karpov Trophy 2019"]
[Site "Cap d'Agde"]
[Date "2019.10.26"]
[Round "6.1"]
[White "Paehtz, Elisabeth"]
[Black "Khademalsharieh, Sarasadat"]
[Result "1-0"]
[ECO "A47"]
[WhiteElo "2489"]
[BlackElo "2491"]
[Annotator "ChessBase"]
[PlyCount "73"]
[EventDate "2019.10.25"]
[EventType "tourn"]
[EventCountry "FRA"]
[SourceTitle "playchess.com"]
[Source "ChessBase"]
[SourceQuality "1"]
[TimeControl "1200+10"]

1. d4 Nf6 2. Bf4 e6 3. e3 c5 4. Nf3 b6 5. Nc3 a6 6. d5 d6 7. a4 e5 8. Bg5 Nbd7 9. e4 Be7 10. Nd2 O-O 11. Nc4 Ne8 12. Be3 Bg5 13. Be2 Bxe3 14. Nxe3 g6 15. O-O Ng7 16. Rb1 Qg5 17. Nc4 Qe7 18. b4 f5 19. bxc5 bxc5 20. Qd2 Ra7 21. Na5 Qe8 22. Nc6 Rc7 23. f3 f4 24. Nd1 Nf6 25. Nb2 Qf7 26. Nc4 Nge8 27. Qa5 g5 28. Nb6 Ng7 29. Bc4 g4 30. Nxe5 Qh5 31. Nxc8 Rfxc8 32. Nd3 gxf3 33. gxf3 Qg5+ 34. Kh1 Nfh5 35. Rg1 Qh4 36. Rg2 Kh8 37. Qxc7 1-0